 Dungeon Crawl Stone Soup version 0.13-a0-2477-geaae114 (webtiles) character file.

37548 Rycklaryybbe the Nimble (level 13, -9/62 HPs)
             Began as a Spriggan Enchanter on July 19, 2013.
             Was the Champion of Kikubaaqudgha.
             Mangled by a catoblepas (17 damage)
             ... on Level 7 of the Lair of Beasts.
             The game lasted 02:03:07 (23401 turns).

Rycklaryybbe the Nimble (Spriggan Enchanter)       Turns: 23401, Time: 02:03:07

HP  -9/62        AC  6     Str  8      XL: 13   Next: 53%
MP  13/33        EV  4     Int 17      God: Kikubaaqudgha [******]
Gold 1043        SH  0     Dex 19      Spells: 10 memorised,  6 levels left

Res.Fire  : . . .   See Invis. : +   N - +1,+4 sabre (drain)
Res.Cold  : + . .   Warding    : .   d - +2 robe {rC+}
Life Prot.: + + +   Conserve   : .   B - +0 buckler
Res.Poison: +       Res.Corr.  : .   H - +0 wizard hat {MR+}
Res.Elec. : .       Clarity    : .   J - +1 cloak {MR+}
Sust.Abil.: . .     Spirit.Shd : .   (gloves unavailable)
Res.Mut.  : .       Stasis     : +   (boots unavailable)
Res.Rott. : +       Flight     : .   t - amulet of stasis
Saprovore : . . .                    f - ring of poison resistance
                                     n - +2 ring of dexterity

@: petrified, mildly poisoned, very quick, extraordinarily resistant to hostile
enchantments, extraordinarily stealthy
A: unfitting armour, see invisible, herbivore 3, speed 3, slow metabolism 2
a: Receive Corpses, Torment, Renounce Religion


You were on level 7 of the Lair of Beasts.
You worshipped Kikubaaqudgha.
Kikubaaqudgha was exalted by your worship.
You were not hungry.

You visited 3 branches of the dungeon, and saw 21 of its levels.

You collected 1023 gold pieces.

Inventory:

Hand weapons
 a - a +1,+1 dagger {=f}
 y - a +3 orcish blowgun
 N - a +1,+4 sabre of draining (weapon)
Missiles
 h - 31 poisoned needles
 l - 5 poisoned darts (quivered)
 s - 4 needles of sleeping
Armour
 d - a +2 robe of cold resistance (worn)
 i - the +4 troll leather armour of the Shore {rC+ SInv}
   (You acquired it on level 13 of the Dungeon)

   It protects you from cold.
   It enhances your eyesight.
 B - a +0 buckler (worn)
 H - a +0 wizard hat of magic resistance (worn)
 J - a +1 cloak of magic resistance (worn)
Comestibles
 u - 6 bread rations
Scrolls
 c - a scroll of remove curse
 g - a scroll of magic mapping
 x - a scroll of fear
 z - 2 scrolls of blinking
 C - 2 scrolls of identify
 I - 3 scrolls of teleportation
 K - a scroll of amnesia
 L - a scroll of enchant weapon II
 U - a scroll of fog
Jewellery
 f - a ring of poison resistance (right hand)
 k - an uncursed amulet of guardian spirit
 n - a +2 ring of dexterity (left hand)
 p - an uncursed ring of invisibility
 t - an amulet of stasis (around neck)
Potions
 e - 2 potions of resistance
 q - 5 potions of curing
 A - a potion of magic
 G - a potion of brilliance
 M - a potion of agility


   Skills:
 + Level 6.4 Fighting
 + Level 8.5 Short Blades
 - Level 1.1 Throwing
 - Level 3.0 Armour
 - Level 13.3 Dodging
 - Level 13.0 Stealth
 - Level 10.1 Spellcasting
 - Level 13.0 Hexes
 - Level 3.2 Charms
 + Level 7.8 Necromancy
 - Level 1.0 Ice Magic


You had 6 spell levels left.
You knew the following spells:

 Your Spells              Type           Power        Failure   Level  Hunger
a - Corona                Hex            ######.      1%          1    None
b - Ensorcelled Hibernat  Hex/Ice        ####..       1%          2    None
c - Confuse               Hex            ######..     1%          3    None
d - Animate Skeleton      Necr           N/A          1%          1    None
e - Apportation           Tloc           #.........   12%         1    None
f - Invisibility          Hex            ######..     10%         6    ######.
g - Sure Blade            Hex/Chrm       #####.....   1%          2    None
h - Repel Missiles        Chrm/Air       ##........   10%         2    None
i - Vampiric Draining     Necr           #####.....   1%          3    None
j - Dispel Undead         Necr           #####...     14%         5    ####...


Dungeon Overview and Level Annotations

Branches:
Dungeon (13/27)            Temple (1/1) D:5             Orc (0/4) D:11
   Lair (7/8) D:13          Swamp (0/5) Lair:6        Snake (0/5) Lair:3
  Slime (0/6) Lair:6

Altars:
Ashenzari
Cheibriados
Elyvilon
Fedhas
Kikubaaqudgha
Makhleb
Nemelex Xobeh
Okawaru
Sif Muna
Trog
Vehumet
Xom
Yredelemnul
Zin
the Shining One
Jiyva


Innate Abilities, Weirdness & Mutations

You are tiny and cannot use many weapons and most armour.
You have supernaturally acute eyesight.
You are a herbivore.
You cover ground extremely quickly.
You need consume almost no food.


Message History

You are engulfed in calcifying dust.
You are slowing down.
Unknown command.
The catoblepas breathes a plume of calcifying dust at you.
The blast of calcifying dust hits you!
Your limbs are stiffening.
Casting: Confuse
Confirm with . or Enter, or press ? or * to list all spells.
Aiming: Confuse
Press: ? - help, Shift-Dir - straight line, f/p - catoblepas
Aim: a catoblepas The catoblepas resists with some effort.
The catoblepas gores you!
You have turned to stone.
The catoblepas gores you. The catoblepas gores you!
* * * LOW HITPOINT WARNING * * *
The catoblepas gores you!
* * * LOW HITPOINT WARNING * * *
The catoblepas gores you!
You die...
Kikubaaqudgha rasps: "You have failed me!
Welcome... oblivion!"

.#..........#...........
...........%............
............#%...........
...........##......<.....
##........(..............
#...........#...........
.P............%.........
.........P..............#
...............Y@..(.....
......ff...............f.
...............##.......
..#.......##.P.# #......
.......... #.... ......
.###......#.#.... ..#..
.##....###.#..... ...
#......fff........ ..
#.......fP .f.f.


You could see a catoblepas.

Vanquished Creatures
  Fannar (D:12)
  Josephine (D:11)
  Gastronok (Lair:1)
  3 hydras (Lair:5)
  3 death yaks (Lair:4)
  Pikel (D:7)
  2 cyclopes
  An unseen horror (D:11)
  A great orb of eyes (D:11)
  A queen ant (Lair:1)
  A fire drake (Lair:6)
  5 hill giants
  7 spiny frogs
  Grinder (D:4)
  2 two-headed ogres
  Maurice (D:9)
  2 trolls
  3 blink frogs (Lair:5)
  6 black mambas
  4 komodo dragons
  5 basilisks
  A shadow (D:11)
  6 ugly things
  27 yaks
  Nergalle (D:12)
  A hill giant zombie (D:11)
  Eustachio (D:7)
  4 vampire mosquitoes (Lair:6)
  4 hippogriffs
  A hill giant skeleton (D:11)
  Grum (D:9)
  4 slime creatures (D:13)
  A trapdoor spider (D:11)
  13 wolves
  4 orc warriors
  An ice beast (D:6)
  4 sky beasts
  2 nagas (Lair:3)
  A black bear (Lair:4)
  6 porcupines
  4 phantoms
  3 centaurs
  6 crocodiles
  Sigmund (D:2)
  4 slaves (D:7)
  21 soldier ants
  An ogre (D:5)
  A yaktaur zombie (D:12)
  A giant goldfish (Lair:2)
  A manticore zombie (D:11)
  12 giant frogs
  2 wyverns
  5 agate snails
  An electric eel (Lair:4)
  3 troll zombies (D:11)
  2 jellyfish (Lair:2)
  8 water moccasins
  4 killer bees (D:13)
  7 giant slugs
  8 crimson imps
  2 big fish (Lair:2)
  5 goliath beetles
  8 hounds
  2 quasits
  Crazy Yiuf (D:2)
  7 orc priests
  2 eyes of draining
  9 orc wizards
  A black bear skeleton (D:6)
  13 iguanas
  4 scorpions
  A troll simulacrum (D:11)
  22 worker ants
  Ijyb (D:3)
  Jessica (D:2)
  6 jellies
  3 ogre zombies (D:11)
  A hound zombie (D:11)
  A hound skeleton (D:6)
  A big kobold skeleton (D:11)
  A giant frog simulacrum (D:11)
  A worker ant zombie (D:7)
  14 adders
  11 gnolls
  4 giant centipedes
  26 green rats
  9 worms
  A giant centipede zombie (D:12)
  An adder skeleton (D:6)
  A giant eyeball (D:5)
  10 giant geckos
  35 orcs
  3 ball pythons
  2 bat skeletons (D:7)
  A bat zombie (D:8)
  7 giant cockroaches
  15 hobgoblins
  24 jackals
  27 bats
  A giant newt (D:2)
  A gnoll skeleton (D:5)
  7 goblins
  3 goblin zombies (D:11)
  A hobgoblin skeleton (D:11)
  4 hobgoblin zombies (D:11)
  An iguana skeleton (D:9)
  12 kobolds
  3 orc skeletons
  14 orc zombies (D:11)
  9 quokkas
  A quokka zombie (D:8)
  20 rats
  A rat zombie (D:5)
  A plant (D:1)
593 creatures vanquished.

Vanquished Creatures (collateral kills)
  A feature mimic (D:11)
  2 blink frogs (Lair:5)
  A vampire mosquito (Lair:6)
  3 wolves (Lair:6)
  An orc warrior (D:13)
  A centaur (D:13)
  3 water moccasins
  2 electric eels (Lair:4)
  A giant frog (Lair:6)
  An orc wizard (D:13)
  An ogre zombie (D:11)
  8 green rats (Lair:4)
  A giant eyeball (D:8)
  An orc (D:13)
  2 bats (Lair:6)
  3 jackals
  2 orc zombies (D:11)
34 creatures vanquished.

Vanquished Creatures (others)
  2 black mamba skeletons
  A fire drake skeleton (Lair:6)
  A wyvern skeleton (D:13)
  A troll skeleton (D:11)
  2 yak skeletons (Lair:5)
  8 wolf skeletons
  A basilisk skeleton (Lair:5)
  A giant frog skeleton (Lair:5)
  A crocodile skeleton (Lair:4)
  A hound skeleton (D:8)
  A green rat skeleton (Lair:5)
  2 quokka skeletons
22 creatures vanquished.

Grand Total: 649 creatures vanquished

Notes
Turn   | Place    | Note
--------------------------------------------------------------
     0 | D:1      | Rycklaryybbe, the Spriggan Enchanter, began the quest for the Orb.
     0 | D:1      | Reached XP level 1. HP: 9/9 MP: 4/4
   358 | D:1      | Reached skill level 4 in Stealth
   469 | D:1      | Reached XP level 2. HP: 13/13 MP: 6/6
   990 | D:2      | Reached skill level 5 in Stealth
  1215 | D:2      | Reached XP level 3. HP: 16/16 MP: 4/9
  1254 | D:2      | Learned a level 2 spell: Ensorcelled Hibernation
  1323 | D:2      | Noticed Crazy Yiuf
  1366 | D:2      | Noticed Jessica
  1416 | D:2      | Found a blossoming altar of Fedhas.
  1453 | D:2      | Killed Jessica
  1453 | D:2      | Reached skill level 6 in Stealth
  1600 | D:2      | Reached XP level 4. HP: 21/21 MP: 8/12
  1910 | D:2      | Noticed Sigmund
  1913 | D:2      | Killed Sigmund
  1913 | D:2      | Reached skill level 7 in Stealth
  1913 | D:2      | Reached XP level 5. HP: 24/24 MP: 14/16
  2107 | D:3      | Noticed Ijyb
  2116 | D:3      | Killed Ijyb
  2541 | D:3      | Reached skill level 8 in Stealth
  2644 | D:3      | Reached XP level 6. HP: 23/28 MP: 16/19
  2756 | D:3      | Found a glowing golden altar of the Shining One.
  3469 | D:4      | Learned a level 3 spell: Confuse
  3787 | D:4      | Reached skill level 5 in Spellcasting
  4078 | D:4      | Reached skill level 5 in Hexes
  4134 | D:4      | Reached skill level 9 in Stealth
  4134 | D:4      | Reached XP level 7. HP: 32/32 MP: 19/22
  4378 | D:4      | Noticed Grinder
  4649 | D:5      | Entered Level 5 of the Dungeon
  4753 | D:5      | Reached skill level 10 in Stealth
  5090 | D:5      | Found a burning altar of Makhleb.
  5626 | D:4      | Reached XP level 8. HP: 36/36 MP: 19/24
  5989 | D:5      | Found a staircase to the Ecumenical Temple.
  6033 | Temple   | Entered the Ecumenical Temple
  6218 | Temple   | Became a worshipper of Kikubaaqudgha
  6580 | D:4      | Killed Grinder
  6897 | D:2      | Killed Crazy Yiuf
  7704 | D:6      | Found a shattered altar of Ashenzari.
  8128 | D:7      | Acquired Kikubaaqudgha's first power
  8128 | D:7      | Received a gift from Kikubaaqudgha
  8129 | D:7      | Identified Kikubaaqudgha's Handbook of Dark Magic (Kikubaaqudgha gifted it to you on level 7 of the Dungeon)
  8132 | D:7      | Learned a level 1 spell: Animate Skeleton
  8173 | D:7      | Reached XP level 9. HP: 39/39 MP: 21/26
  8271 | D:7      | Noticed Eustachio
  8281 | D:7      | Killed Eustachio
  8281 | D:7      | Reached skill level 5 in Short Blades
  8281 | D:7      | Reached skill level 11 in Stealth
  8448 | D:7      | Noticed Pikel
  8508 | D:7      | Killed Pikel
  9192 | D:8      | Paralysed by a giant eyeball for 4 turns
  9198 | D:8      | Paralysed by a giant eyeball for 4 turns
  9277 | D:8      | Found a glowing silver altar of Zin.
  9518 | D:8      | Reached skill level 12 in Stealth
  9916 | D:7      | Acquired Kikubaaqudgha's second power
  9920 | D:7      | Reached XP level 10. HP: 30/44 MP: 15/28
 10290 | D:9      | Noticed Grum
 10326 | D:8      | Reached skill level 10 in Dodging
 10480 | D:9      | Killed Grum
 10636 | D:9      | Noticed a cyclops
 10643 | D:9      | Killed a cyclops
 10800 | D:9      | Noticed Maurice
 10806 | D:9      | Killed Maurice
 11027 | D:10     | Entered Level 10 of the Dungeon
 11050 | D:10     | Noticed a hill giant
 11077 | D:10     | Killed a hill giant
 11077 | D:10     | Reached skill level 10 in Hexes
 11841 | D:10     | Learned a level 1 spell: Apportation
 12460 | D:11     | Noticed a hill giant
 12471 | D:11     | Killed a hill giant
 12570 | D:11     | Noticed a hill giant
 12580 | D:11     | Killed a hill giant
 12580 | D:11     | Reached XP level 11. HP: 33/47 MP: 17/29
 12649 | D:11     | Found a staircase to the Orcish Mines.
 12950 | D:11     | Learned a level 6 spell: Invisibility
 13019 | D:11     | Noticed Josephine
 13066 | D:11     | Noticed a great orb of eyes
 13270 | D:11     | Received a gift from Kikubaaqudgha
 13271 | D:11     | Identified Kikubaaqudgha's Catalogue of Evil Rituals (Kikubaaqudgha gifted it to you on level 11 of the Dungeon)
 13421 | D:11     | Killed Josephine
 13800 | D:11     | Noticed an unseen horror
 13817 | D:11     | Killed an unseen horror
 14097 | D:12     | Learned a level 2 spell: Sure Blade
 14246 | D:11     | Killed a great orb of eyes
 14469 | D:12     | Reached skill level 13 in Hexes
 14664 | D:12     | Reached skill level 1 in Fighting
 14671 | D:12     | Noticed Nergalle
 14916 | D:12     | Killed Nergalle
 15296 | D:12     | Noticed Fannar
 15304 | D:12     | Killed Fannar
 15702 | D:12     | Reached skill level 1 in Necromancy
 15851 | D:13     | Noticed a hill giant
 15858 | D:13     | Killed a hill giant
 15947 | D:13     | Noticed a hill giant
 15951 | D:13     | Killed a hill giant
 15961 | D:13     | Identified a scroll of acquirement
 16131 | D:13     | Got a dazzling troll leather armour
 16140 | D:13     | Identified the +4 troll leather armour of the Shore {rC+ SInv} (You acquired it on level 13 of the Dungeon)
 16259 | D:13     | Acquired Kikubaaqudgha's third power
 16487 | D:13     | Reached skill level 1 in Armour
 16513 | D:13     | Reached XP level 12. HP: 48/54 MP: 4/31
 16657 | D:13     | Found a staircase to the Lair.
 16714 | Lair:1   | Entered Level 1 of the Lair of Beasts
 16831 | Lair:1   | Learned a level 2 spell: Repel Missiles
 16856 | Lair:1   | Noticed Gastronok
 17120 | Lair:1   | Acquired Kikubaaqudgha's fourth power
 18696 | Lair:3   | Reached skill level 10 in Spellcasting
 18914 | Lair:3   | Reached skill level 1 in Ice Magic
 18928 | Lair:3   | Found a staircase to the Snake Pit.
 20042 | Lair:4   | Reached skill level 5 in Necromancy
 20407 | Lair:5   | Noticed a six-headed hydra
 20584 | Lair:5   | Noticed an eight-headed hydra
 20596 | Lair:5   | Killed a nine-headed hydra
 20596 | Lair:5   | Reached skill level 5 in Fighting
 20596 | Lair:5   | Reached XP level 13. HP: 60/60 MP: 14/33
 20833 | Lair:5   | Killed an eight-headed hydra
 20926 | Lair:5   | Noticed an eight-headed hydra
 20961 | Lair:5   | Killed a nine-headed hydra
 21964 | Lair:6   | Found a viscous altar of Jiyva.
 21964 | Lair:6   | Found a staircase to the Slime Pits.
 22136 | Lair:6   | Found a staircase to the Swamp.
 22228 | Lair:6   | Reached skill level 1 in Charms
 22609 | Lair:1   | Killed Gastronok
 22718 | Lair:1   | Learned a level 3 spell: Vampiric Draining
 22744 | Lair:1   | Learned a level 5 spell: Dispel Undead
 23401 | Lair:7   | Mangled by a catoblepas

Action                   |  1- 3 |  4- 6 |  7- 9 | 10-12 | 13-15 || total
-------------------------+-------+-------+-------+-------+-------++-------
Melee: Dagger            |   149 |   117 |   142 |       |       ||   408
       Sabre             |       |       |   183 |  1039 |   274 ||  1496
 Fire: Blowgun           |       |    60 |     5 |       |       ||    65
Throw: Dart              |     4 |       |     9 |       |       ||    13
 Cast: Corona            |     8 |     1 |     2 |     2 |       ||    13
       Ensorcelled Hiber |     8 |    36 |   103 |   168 |    71 ||   386
       Confuse           |       |     1 |    31 |    90 |    31 ||   153
       Animate Skeleton  |       |       |     3 |    12 |    20 ||    35
       Invisibility      |       |       |       |     7 |     1 ||     8
       Sure Blade        |       |       |       |     3 |     6 ||     9
Evoke: Wand              |       |       |    13 |    11 |       ||    24
  Use: Potion            |     1 |     6 |     1 |    10 |     2 ||    20
       Scroll            |       |     9 |    14 |    11 |     5 ||    39
 Stab: Sleeping          |     7 |    27 |    71 |   118 |    38 ||   261
       Distracted        |     1 |       |     2 |     5 |     2 ||    10
       Confused          |       |     2 |    10 |    30 |     6 ||    48
       Paralysed         |       |       |     1 |       |       ||     1
       Invisible         |       |       |       |    30 |     2 ||    32
